 Dungeon Crawl Stone Soup version 0.22.0-1-g6561e4c (webtiles) character file.

40 brik the Poker (level 3, -1/27 HPs)
             Began as a Merfolk Skald on Aug 12, 2018.
             Slain by a goblin (6 damage)
             ... led by Robin
             ... on level 2 of the Dungeon.
             The game lasted 00:03:54 (1392 turns).

brik the Poker (Merfolk Skald)                      Turns: 1392, Time: 00:03:55

Health: -1/27      AC:  3    Str: 17    XL:     3   Next: 50%
Magic:  5/6        EV: 11    Int: 12    God:
Gold:   90         SH:  4    Dex: 13    Spells: 5/6 levels left

rFire    . . .     SeeInvis .   a - +0 spear
rCold    . . .     Gourm    .   e - +1 buckler {rN+}
rNeg     + . .     Faith    .   b - +0 leather armour
rPois    .         Spirit   .   (no helmet)
rElec    .         Reflect  .   (no cloak)
rCorr    .         Harm     .   (no gloves)
MR       .....                  (no boots)
Stlth    +.........             (no amulet)
HPRegen  0.09/turn              (no ring)
MPRegen  0.10/turn              (no ring)

@: mighty, infused
A: change form in water, swift swim, stealthy swim
a: no special abilities


You were on level 2 of the Dungeon.
You were not hungry.

You visited 1 branch of the dungeon, and saw 2 of its levels.

You collected 90 gold pieces.

Inventory:

Hand Weapons
 a - a +0 spear (weapon)
Armour
 b - a +0 leather armour (worn)
 e - a +1 buckler of positive energy (worn)
Scrolls
 h - 2 scrolls of identify
Potions
 i - a potion of heal wounds {unknown}
Comestibles
 d - 2 rations


   Skills:
 - Level 2.1 Fighting
 + Level 5.6 Polearms
 - Level 0.6 Armour
 - Level 2.6 Dodging
 - Level 2.0 Spellcasting
 - Level 3.2 Charms


You had 5 spell levels left.
You knew the following spells:

 Your Spells              Type           Power        Failure   Level  Hunger
a - Infusion              Chrm           #...         14%         1    ##.....

Your spell library contained the following spells:

 Spells                   Type           Power        Failure   Level  Hunger
 Regeneration             Chrm/Necr      #.........   65%         3    ####...
 Shroud of Golubria       Chrm/Tloc      #.........   41%         2    ###....
 Song of Slaying          Chrm           #.......     22%         2    ###....
 Spectral Weapon          Hex/Chrm       #.......     65%         3    ####...


Dungeon Overview and Level Annotations

Branches:
Dungeon (2/15)

Altars:
Elyvilon

Annotations:
D:2 Robin


Message History

The hobgoblin barely misses you.
As you read the scroll labeled GASEIK MALACE, it crumbles to dust.
You feel aware of your surroundings.
You sensed 5 altars.
It was a scroll of magic mapping.
A worm comes into view.
Robin says, "Duck!"
The hobgoblin closely misses you.
As you read the scroll labeled TYMNAM WATHATZ, it crumbles to dust.
It is a scroll of identify.
g - a potion of might A goblin comes into view.
It is wielding a club.
The hobgoblin hits you.
* * * LOW HITPOINT WARNING * * *
You feel very mighty all of a sudden. Robin throws the goblin at you!
The hobgoblin barely misses you.
Casting: Infusion (safe; 14% risk of failure)
Confirm with . or Enter, or press ? or * to list all spells.
You begin infusing your attacks with magical energy.
The goblin hits you.
You die...

******* *,,*
##..≈≈≈≈≈..# * *,,*
#....≈)≈...#
*,,**#.#.......##
*,,,,#........##
***,*,#.#....###
*,,,*,#.######
*,,,*,#.# ***
*,,,*,#g# ,,*
**,**,#@# *,**
*,**,#g# ,,,**
*,**,#g#* *,,,**
*,,,,grg* ≈≈≈≈,*
*,,,,g..*
*,≈_,******,,,..w.#
,_*,,,,**,,,,,....#
,≈**,*,,,,,,,.....#
,*≈,,*,,,,,,,,,,,,*


You could see a worm, Robin, 2 hobgoblins, 3 goblins and a rat.

Vanquished Creatures
  An adder (D:2)
  An ooze (D:1)
  A worm (D:2)
  A giant cockroach (D:1)
  5 goblins
  A hobgoblin (D:1)
  4 jackals (D:1)
  2 kobolds (D:1)
  A ball python (D:1)
  2 bats
  4 frilled lizards (D:1)
  A rat (D:1)
24 creatures vanquished.

Notes
Turn   | Place    | Note
-------+----------+-------------------------------------------
     0 | D:1      | brik the Merfolk Skald began the quest for the Orb.
     0 | D:1      | Reached XP level 1. HP: 16/16 MP: 3/3
   146 | D:1      | Reached skill level 4 in Polearms
   146 | D:1      | Reached XP level 2. HP: 11/22 MP: 1/5
  1123 | D:2      | Reached skill level 5 in Polearms
  1123 | D:2      | Reached XP level 3. HP: 27/27 MP: 6/6
  1330 | D:2      | Found a white marble altar of Elyvilon.
  1380 | D:2      | Noticed Robin
  1392 | D:2      | Slain by a goblin

Skill      XL: |  1  2 |
---------------+-------+-----
Polearms       | 4 5 |  5.6
Fighting       | |  2.1
Armour         | |  0.6
Dodging        | |  2.6
Spellcasting   | |  2.0
Charms         | |  3.2

Action                   || total
-------------------------++-------
Melee: Spear             ||   140
       Tailslap          ||     1
 Cast: Infusion          ||     3
  Use: Scroll            ||     2
       Potion            ||     1
 Stab: Sleeping          ||     2
  Eat: Ration            ||     1
Armor: Leather armour    ||    32
Dodge: Dodged            ||    67
Block: Buckler           ||     7
